 Dungeon Crawl Stone Soup version 0.20.0-15-g7f486f2 (webtiles) character file.

2564 Pikken the Grappler (level 9, -1/84 HPs)
             Began as a Troll Monk on June 18, 2017.
             Was a Believer of Trog.
             Killed by nerve-wracking pain
             ... invoked by Menkaure
              (10 damage)
             ... on level 6 of the Dungeon.
             The game lasted 00:18:54 (4507 turns).

Pikken the Grappler (Troll Monk)                    Turns: 4507, Time: 00:18:54

Health: -1/84      AC:  8    Str: 21    XL:     9   Next: 31%
Magic:  8/8        EV: 13    Int: 14    God:    Trog [**....]
Gold:   159        SH:  0    Dex: 17    Spells: 8/8 levels left

rFire    x . .     SeeInvis .   t - +7 demon whip "Lahef" {slash, +Fly rF- Int+6}
rCold    . . .     Gourm    +   (no shield)
rNeg     . . .     Faith    .   a - +1 robe
rPois    .         Spirit   .   (helmet restricted)
rElec    .         Reflect  .   (no cloak)
rCorr    +         Harm     .   (gloves unavailable)
MR       .....                  (boots unavailable)
Stlth    ++........             (no amulet)
Regen    0.7/turn               c - ring of resist corrosion
MPRegen  0.2/turn               u - +2 ring of protection

@: no status effects
A: unfitting armour, claws 3, agile 1, blurry vision 1, clever 1, fast
metabolism 3, gourmand, regeneration 1, shaggy fur 1, tough skin 2
a: Berserk, Trog's Hand, Burn Spellbooks, Renounce Religion, Evoke Flight


You were on level 6 of the Dungeon.
You worshipped Trog.
Trog was pleased with you.
You were very full.

You visited 1 branch of the dungeon, and saw 6 of its levels.
You also visited: Sewer.

You collected 159 gold pieces.

Inventory:

Hand Weapons
 t - the +7 demon whip "Lahef" (weapon) {slash, +Fly rF- Int+6}
   (You found it on level 4 of the Dungeon)

   It inflicts extra damage upon your enemies.
   It affects your intelligence (+6).
   It makes you vulnerable to fire.
   It lets you fly.
Armour
 a - a +1 robe (worn)
Jewellery
 c - a ring of resist corrosion (left claw)
 u - a +2 ring of protection (right claw)
Wands
 m - a wand of digging (0/24)
 x - a wand of random effects (27/48)
Scrolls
 e - 2 scrolls of identify
 k - 2 scrolls of fog {unknown}
 n - a scroll of remove curse
 o - a scroll of recharging {unknown}
 p - a scroll of magic mapping {unknown}
 q - 2 scrolls of teleportation
 r - a scroll of enchant armour
 v - a scroll of torment {unknown}
Potions
 h - 2 potions of flight
 i - a potion of heal wounds
 j - 2 potions of curing
 s - a potion of might
 w - a potion of agility {unknown}
Miscellaneous
 l - a crystal ball of energy
Comestibles
 b - 5 bread rations
 d - a royal jelly
 f - 4 fruits
 g - 3 meat rations


   Skills:
 + Level 3.8 Fighting
 * Level 5.6 Maces & Flails
 + Level 4.8 Dodging
 + Level 2.7 Stealth
 + Level 8.6 Unarmed Combat


You had 8 spell levels left.
You didn't know any spells.

Dungeon Overview and Level Annotations

Branches:
Dungeon (6/15)
 Temple: D:4-7

Altars:
Makhleb
Trog
Yredelemnul

Annotations:
D:4 2 runed doors
D:6 Menkaure


Innate Abilities, Weirdness & Mutations

You are too large for most types of armour.
You have claws for hands.
Your metabolism is lightning-fast.
You like to eat raw meat.
Your natural rate of healing is unusually fast.
You are covered in fur. (AC +1)
You have very tough skin. (AC +2)
You are agile. (Dex +2)
Scrolls take you a little longer to read.
Your mind is acute. (Int +2)


Message History

Menkaure, Prince of Dust comes into view.
Menkaure shouts!
Menkaure mumbles some strange words.
Menkaure seems to speed up.
You see here a yellow potion.
w - a yellow potion Menkaure calls on the powers of darkness!
Your body is wracked with pain!
Menkaure calls on the powers of darkness!
Your body is wracked with pain!
* * * LOW HITPOINT WARNING * * *
Menkaure casts a spell at you. Pain shoots through your body!
* * * LOW HITPOINT WARNING * * *
Menkaure casts a spell at you. Pain shoots through your body!
* * * LOW HITPOINT WARNING * * *
Menkaure casts a spell at you. Pain shoots through your body!
You die...

######## #####.#
#......# #.....#
#......# #.#####
#......# #.# #.....†#
#.# #......# #.#
#......# #.#
##......####.####
.........M....@..>...#
.######.......##.....#
#.....).#......#
#....##.#......#
#######.#......#
#.##.....# .....#####
..####


You could see Menkaure.

Vanquished Creatures
  The ghost of Pikken the Grappler, a novice TrMo of Trog (D:5)
  The ghost of CInkIbrahim the Poker, an amateur OpGl (D:4)
  Sigmund (D:5)
  A steam dragon (D:4)
  Edmund (D:5)
  Duvessa (D:5)
  An ice beast (D:5)
  A phantom (D:4)
  4 ogres
  A centaur (D:5)
  A big kobold (Sewer)
  Dowan (D:5)
  2 scorpions
  2 crimson imps (D:5)
  A hound (D:4)
  A jelly (D:4)
  2 bullfrog skeletons
  An iguana (D:5)
  A worker ant (D:5)
  The ghost of letownia the Shield-Bearer, a weakling VSFi (D:3)
  A hound skeleton (D:4)
  5 gnolls
  11 adders
  2 river rats
  A shadow imp (D:5)
  2 oozes
  An adder skeleton (D:4)
  3 worms (D:3)
  6 leopard geckos
  9 orcs
  A ball python (D:2)
  10 bats
  3 giant cockroaches
  8 goblins
  9 hobgoblins
  8 jackals
  15 kobolds
  3 quokkas
  4 frilled lizards
  15 rats
143 creatures vanquished.

Notes
Turn   | Place    | Note
-------+----------+-------------------------------------------
     0 | D:1      | Pikken the Troll Monk began the quest for the Orb.
     0 | D:1      | Reached XP level 1. HP: 22/22 MP: 0/0
    88 | D:1      | Reached XP level 2. HP: 26/29 MP: 1/1
   767 | D:2      | Reached XP level 3. HP: 36/36 MP: 2/2
   932 | D:2      | Reached skill level 4 in Unarmed Combat
  1454 | D:3      | Found a burning altar of Makhleb.
  1476 | D:3      | Reached XP level 4. HP: 37/44 MP: 3/3
  1515 | D:3      | Found a glowing drain.
  1522 | Sewer    | Entered a sewer
  1599 | Sewer    | Noticed a big kobold
  1606 | Sewer    | Killed a big kobold
  1606 | Sewer    | Reached XP level 5. HP: 47/50 MP: 4/4
  1640 | Sewer    | Found a white marble altar of Elyvilon.
  1709 | D:3      | Reached skill level 5 in Unarmed Combat
  1968 | D:3      | Noticed letownia's ghost (weakling VSFi)
  1975 | D:3      | Killed letownia's ghost
  2409 | D:3      | Reached XP level 6. HP: 51/59 MP: 5/5
  2518 | D:4      | Found a large runed door.
  2520 | D:4      | Found a large runed door.
  2567 | D:4      | Identified the Grimoire of Virous Dislocation
  2652 | D:4      | Found a large runed door.
  2652 | D:4      | Found a large runed door.
  2665 | D:4      | Noticed CInkIbrahim's ghost (amateur OpGl)
  2679 | D:4      | Killed CInkIbrahim's ghost
  2679 | D:4      | Reached skill level 6 in Unarmed Combat
  2679 | D:4      | Reached XP level 7. HP: 37/66 MP: 6/6
  2696 | D:4      | Gained mutation: You occasionally shout uncontrollably at your foes. [potion of mutation]
  2696 | D:4      | Gained mutation: Your flesh is cold resistant. (rC+) [potion of mutation]
  3147 | D:4      | Reached skill level 7 in Unarmed Combat
  3312 | D:4      | Lost mutation: You occasionally shout uncontrollably at your foes. [potion of mutation]
  3312 | D:4      | Lost mutation: Your flesh is cold resistant. (rC+) [potion of mutation]
  3312 | D:4      | Gained mutation: You are agile. (Dex +2) [potion of mutation]
  3312 | D:4      | Gained mutation: Scrolls take you a little longer to read. [potion of mutation]
  3312 | D:4      | Gained mutation: Your mind is acute. (Int +2) [potion of mutation]
  3315 | D:4      | Found a basalt altar of Yredelemnul.
  3598 | D:4      | Noticed a steam dragon
  3603 | D:4      | Killed a steam dragon
  3603 | D:4      | Reached XP level 8. HP: 37/75 MP: 7/7
  3617 | D:4      | Got a crystal demon whip
  3620 | D:4      | Identified the +7 demon whip "Lahef" {slash, +Fly rF- Int+6} (You found it on level 4 of the Dungeon)
  3630 | D:5      | Entered Level 5 of the Dungeon
  3633 | D:5      | Noticed Edmund
  3649 | D:5      | Noticed Dowan
  3801 | D:5      | Noticed Sigmund
  3806 | D:5      | Killed Sigmund
  3806 | D:5      | Reached skill level 1 in Maces & Flails
  3806 | D:5      | Reached skill level 8 in Unarmed Combat
  3871 | D:5      | Found a bloodstained altar of Trog.
  3877 | D:5      | Became a worshipper of Trog the Wrathful
  3877 | D:5      | Reached * piety under Trog
  3877 | D:5      | Reached ** piety under Trog
  3893 | D:5      | Noticed Duvessa
  3935 | D:5      | Killed Edmund
  4047 | D:5      | Noticed Pikken's ghost (novice TrMo)
  4065 | D:5      | Killed Pikken's ghost
  4065 | D:5      | Reached XP level 9. HP: 84/84 MP: 8/8
  4144 | D:5      | Killed Duvessa
  4144 | D:5      | Reached skill level 5 in Maces & Flails
  4159 | D:5      | Killed Dowan
  4497 | D:6      | Noticed Menkaure
  4507 | D:6      | Killed from afar by Menkaure

Skill      XL: |  1  2  3  4  5  6  7  8  9 |
---------------+----------------------------+-----
Unarmed Combat | 4 5 6 7 8 |  8.6
Dodging        | 3 4 |  4.8
Stealth        | 2 |  2.7
Fighting       | 3 |  3.8
Maces & Flails | 4 5 |  5.6

Action                   |  1- 3 |  4- 6 |  7- 9 || total
-------------------------+-------+-------+-------++-------
Melee: Unarmed           |   120 |   143 |    64 ||   327
       Punch             |     1 |     3 |     7 ||    11
       Demon whip        |       |       |    96 ||    96
Invok: Burn Spellbooks   |       |       |     2 ||     2
       Berserk           |       |       |     1 ||     1
  Use: Scroll            |     5 |       |     2 ||     7
       Potion            |     4 |     4 |     3 ||    11
 Stab: Sleeping          |     5 |     3 |     2 ||    10
       Invisible         |       |     2 |       ||     2
  Eat: Chunk             |    19 |    11 |    14 ||    44
       Bread ration      |       |       |     1 ||     1
Armor: Robe              |    50 |    53 |    25 ||   128
Dodge: Dodged            |    60 |    75 |    77 ||   212
